[Event "Early-Titled-Tuesday-Blitz-March-12-2024"]
[Site "Chess.com"]
[Date "2024.03.12"]
[Round "9"]
[White "ChelsieMonica"]
[Black "Veleamater"]
[Result "1-0"]
[WhiteElo "2532"]
[BlackElo "2318"]
[TimeControl "180+1"]
[EndTime "9:41:34 PDT"]
[Termination "ChelsieMonica won by resignation"]

1. e4 d6 2. d4 g6 3. Nc3 Bg7 4. Nf3 Nf6 5. h3 O-O 6. Be2 Nc6 7. d5 Ne5 8. Nxe5 dxe5 9. Be3 h6 10. Qd2 Kh7 11. O-O-O Ne8 12. g4 Nd6 13. f4 exf4 14.
Bxf4 e5 15. dxe6 Bxe6 16. e5 Nc4 17. Qe1 Qe7 18. Bxc4 Bxc4 19. Qe4 b5 20. h4 f5 21. gxf5 gxf5 22. Qc6 Rfd8 23. h5 Rxd1+ 24. Rxd1 Rd8 25. Qg6+ Kh8 26. Rxd8+ Qxd8 27. Bxh6 Qf8 28. Bxg7+ Qxg7 29. Qxg7+ Kxg7 30. b3 Bf1 31. Kd2 c6 32. Ke3 Bh3 33. Ne2 Bg4 34. Nd4 c5 35. Ne6+ Kh6 36. Nxc5 Kxh5 37.
Kf4 Kg6 38. Nb7 Kf7 39. Nd6+ Ke6 40. Nxb5 a5 41. c4 Kd7 42. Nd4 Bd1 43. Kxf5 Bc2+ 44. Nxc2 1-0

[Event "Early-Titled-Tuesday-Blitz-March-12-2024"]
[Site "Chess.com"]
[Date "2024.03.12"]
[Round "9"]
[White "Flawless_Fighter"]
[Black "AnishOnYoutube"]
[Result "0-1"]
[WhiteElo "2845"]
[BlackElo "3042"]
[TimeControl "180+1"]
[EndTime "9:41:38 PDT"]
[Termination "AnishOnYoutube won by resignation"]

1. e4 c5 2. Nf3 e6 3. c3 Nf6 4. e5 Nd5 5. d4 cxd4 6. cxd4 b6 7. a3 Bb7 8. Bd3 Be7 9. O-O O-O 10. Qe2 Nc6 11.
Nc3 Nxc3 12. bxc3 Na5 13. Bf4 Rc8 14. c4 Bxf3 15. Qxf3 Nxc4 16. a4 d5 17. Rfc1 Bg5 18.
Rc2 Bxf4 19. Qxf4 Qd7 20. Qh4 h6 21. g4 Na5 22. Bb5 Qb7 23. Rxc8 Rxc8 24. Ra3 a6 25. g5 Qe7 26. Bxa6 Qxa3 27. Bxc8 Qc1+ 28. Kg2 hxg5 0-1

[Event "Early-Titled-Tuesday-Blitz-March-12-2024"]
[Site "Chess.com"]
[Date "2024.03.12"]
[Round "9"]
[White "Al_Shima"]
[Black "david_gomez"]
[Result "0-1"]
[WhiteElo "2447"]
[BlackElo "2627"]
[TimeControl "180+1"]
[EndTime "9:41:38 PDT"]
[Termination "david_gomez won by checkmate"]

1. e4 d5 2. exd5 Qxd5 3. Nc3 Qd8 4. Bc4 Nf6 5. Nf3 a6 6. d3 b5 7. Bb3 e6 8. Qe2 Be7 9. Ne5 O-O 10. Bf4 b4 11. Ne4 Nd5 12. Bg3 Bb7 13. O-O-O a5 14. d4 a4 15. Bc4 Nd7 16. Nxd7 Qxd7 17. Nc5 Qc6 18. Bb5 Qb6 19. Nd7 Qa5 20. Nxf8 a3 21. b3 Nc3 22. Qg4 Nxa2+ 23. Kd2 Qxb5 24. Nxe6 fxe6 25.
Qxe6+ Kf8 26. Rhe1 Re8 27. Re5 Bg5+ 28. f4 Rxe6 29.
Rxb5 Ba6 30. Rxg5 Re2# 0-1

[Event "Early-Titled-Tuesday-Blitz-March-12-2024"]
[Site "Chess.com"]
[Date "2024.03.12"]
[Round "9"]
[White "UnTucopalaTimba"]
[Black "javierfreilemartin"]
[Result "0-1"]
[WhiteElo "2004"]
[BlackElo "2269"]
[TimeControl "180+1"]
[EndTime "9:41:39 PDT"]
[Termination "javierfreilemartin won by resignation"]

1. e4 c5 2. Nf3 d6 3. Bb5+ Nd7 4. d4 cxd4 5. Qxd4 e5 6. Qd3 Be7 7. Nc3 Nf6 8. O-O O-O 9. Rd1 Nb6 10. Be3 h6 11. a4 a6 12. Bxb6 Qxb6 13. Bc4 Be6 14. Bd5 Rac8 15. Rab1 Nxd5 16. Nxd5 Bxd5 17. exd5 Qb4 18.
Qf5 Qxa4 19. b3 Qe8 20. c4 g6 21. Qh3 Kg7 22. Nd2 f5 23. Nf3 a5 24. b4 a4 25. Nd2 Bg5 26. Qc3 b6 27. Nf3 Bf6 28.
Qd3 e4 29. Qa3 exf3 30. Qxf3 Rxc4 0-1

[Event "Early-Titled-Tuesday-Blitz-March-12-2024"]
[Site "Chess.com"]
[Date "2024.03.12"]
[Round "9"]
[White "Jimonios"]
[Black "RebelJohnny"]
[Result "1-0"]
[WhiteElo "2684"]
[BlackElo "2529"]
[TimeControl "180+1"]
[EndTime "9:41:41 PDT"]
[Termination "Jimonios won by resignation"]

1. e4 d6 2. d4 Nf6 3. Nc3 c6 4. f4 g6 5. Nf3 Bg7 6. Bd3 Bg4 7. h3 Bxf3 8. Qxf3 e5 9. dxe5 dxe5 10. f5 Nbd7 11. Be3 Qa5 12. O-O O-O 13. a3 Nh5 14. b4 Qc7 15. Ne2 a5 16. Kh1 axb4 17.
axb4 Rxa1 18. Rxa1 c5 19. Nc3 Nf4 20. b5 Nxd3 21.
cxd3 Nf6 22. Bg5 Qd6 23. Bxf6 Bxf6 24. Nd5 Kg7 25. Ra7 Rb8 26. g3 h6 27. fxg6 fxg6 28. h4 Bd8 29. h5 Bb6 30. Ra1 Rf8 31. Qg4 Kh7 32. Qxg6+ Qxg6 33. hxg6+ Kxg6 34. Nxb6 Rf2 35. Nc4 1-0

[Event "Early-Titled-Tuesday-Blitz-March-12-2024"]
[Site "Chess.com"]
[Date "2024.03.12"]
[Round "9"]
[White "StankovicIvan"]
[Black "Witik"]
[Result "1-0"]
[WhiteElo "2561"]
[BlackElo "2731"]
[TimeControl "180+1"]
[EndTime "9:41:45 PDT"]
[Termination "StankovicIvan won by resignation"]

1. e4 c6 2. d4 d5 3. e5 Bf5 4. h4 Qb6 5. g4 Bd7 6. c3 h5 7.
gxh5 Nh6 8. Bh3 e6 9. Nf3 c5 10. O-O Nc6 11. a3 a5 12. c4 cxd4 13. cxd5 exd5 14.
Bxd7+ Kxd7 15. Bf4 Bc5 16. Nbd2 Nd8 17. e6+ Nxe6 18. Ne5+ Ke8 19. Re1 Be7 20. Qa4+ Kf8 21. Nd7+ Kg8 22. Nxb6 Nf5 23. Nxa8 Rxh5 24. Rxe6 fxe6 25.
Qe8+ Bf8 26. Qxh5 1-0

[Event "Early-Titled-Tuesday-Blitz-March-12-2024"]
[Site "Chess.com"]
[Date "2024.03.12"]
[Round "9"]
[White "IndianSchoolOfSuffering"]
[Black "tarno17"]
[Result "1-0"]
[WhiteElo "2397"]
[BlackElo "2209"]
[TimeControl "180+1"]
[EndTime "9:41:45 PDT"]
[Termination "IndianSchoolOfSuffering won on time"]

1. c4 e5 2. Nc3 Nf6 3. g3 Bb4 4. Bg2 O-O 5. e3 c6 6. Nge2 d5 7. cxd5 cxd5 8. d4 e4 9. h3 Nc6 10. Bd2 Be6 11. Rc1 Qd7 12. Na4 Bxd2+ 13. Qxd2 b6 14.
Nf4 Rac8 15. O-O Na5 16. b3 Bf5 17. Rxc8 Rxc8 18. Kh2 h6 19. Rc1 Rxc1 20. Qxc1 Nh7 21. Nc3 Be6 22. Nxe6 Qxe6 23. h4 Nf6 24. Bh3 Qc6 25. Qd2 g6 26. Kg2 Kg7 27. Ne2 Nb7 28. Nf4 Nd6 29. Qb4 Nb5 30. Qe7 Qd6 31. Ne6+ 1-0

[Event "Early-Titled-Tuesday-Blitz-March-12-2024"]
[Site "Chess.com"]
[Date "2024.03.12"]
[Round "9"]
[White "Kostukov_Alex"]
[Black "pfalcon1949"]
[Result "1-0"]
[WhiteElo "2316"]
[BlackElo "1958"]
[TimeControl "180+1"]
[EndTime "9:41:50 PDT"]
[Termination "Kostukov_Alex won on time"]

1. g3 d5 2. Bg2 e6 3. d3 Nf6 4. e4 Be7 5. Qe2 O-O 6. Nf3 c5 7. O-O Nc6 8. e5 Nd7 9. c4 dxc4 10. dxc4 Qc7 11. Bf4 b6 12. Nc3 a6 13. Rfd1 Bb7 14. h4 Rac8 15. Nd5 Qd8 16. Nxe7+ Nxe7 17. Rd2 Qc7 18.
g4 Rfd8 19. Rad1 Nf8 20. h5 Rxd2 21. Qxd2 h6 22. Qd6 Nc6 23. Qxc7 Rxc7 24. b3 Nh7 25. Rd6 Kf8 26. g5 hxg5 27. Nxg5 Nxg5 28. Bxg5 Kg8 29. f4 Kh7 30. Be4+ g6 31. hxg6+ fxg6 32. Rxe6 Nd4 33. Bxg6+ Kg7 34. Rf6 1-0

[Event "Early-Titled-Tuesday-Blitz-March-12-2024"]
[Site "Chess.com"]
[Date "2024.03.12"]
[Round "9"]
[White "Pedrada88"]
[Black "Mysterio47"]
[Result "0-1"]
[WhiteElo "2548"]
[BlackElo "2754"]
[TimeControl "180+1"]
[EndTime "9:41:56 PDT"]
[Termination "Mysterio47 won by resignation"]

1. g3 Nf6 2. Bg2 g6 3. c4 Bg7 4. Nc3 O-O 5. e4 d6 6. Nge2 c5 7. O-O Nc6 8. a3 a6 9. Rb1 Rb8 10. b4 cxb4 11. axb4 b5 12. cxb5 axb5 13. d4 Nd7 14. d5 Nce5 15. Nd4 Nb6 16. f4 Bg4 17. Qb3 Nec4 18. Nc6 Qd7 19. Nxb5 Ra8 20. Be3 e6 21.
Bd4 Nd2 22. Qd3 Bxd4+ 23. Qxd4 Nxf1 24. Bxf1 Nc8 25. h3 exd5 26. exd5 Bxh3 27. Nxd6 Bxf1 28.
Nxc8 Raxc8 29. Rxf1 Rxc6 30. f5 Rd6 31. fxg6 hxg6 32. Rf2 Rxd5 33. Qf4 Rf5 34. Qe3 Rxf2 35. Qxf2 Re8 36. Qf4 Re2 37. Qb8+ Kg7 38. Qe5+ Rxe5 0-1

[Event "Early-Titled-Tuesday-Blitz-March-12-2024"]
[Site "Chess.com"]
[Date "2024.03.12"]
[Round "9"]
[White "Seochesspie"]
[Black "BestStelker"]
[Result "1/2-1/2"]
[WhiteElo "2864"]
[BlackElo "2722"]
[TimeControl "180+1"]
[EndTime "9:41:57 PDT"]
[Termination "Game drawn by repetition"]

1. d4 Nf6 2. c4 g6 3. Nf3 Bg7 4. g3 O-O 5. Bg2 d6 6. O-O Nc6 7. Nc3 Bf5 8. Ne1 Bd7 9. Rb1 e5 10. dxe5 Nxe5 11. b3 Bc6 12. Bxc6 Nxc6 13. Bb2 Qd7 14. Kg2 h5 15. Nf3 Rfe8 16. e3 Qf5 17.
Nb5 Qd7 18. Rc1 a6 19. Nc3 Ne4 20. Qc2 Nxc3 21. Bxc3 Bxc3 22. Qxc3 Ne5 23. Nxe5 Rxe5 24. Rfd1 Qc6+ 25. Kg1 b6 26. Rd4 a5 27. h4 Rae8 28.
Rcd1 R8e7 29. Qd2 Re8 30. Rf4 R8e7 31. Qe2 Re4 32. Rxe4 Qxe4 33. Rd5 Re6 34. Qd2 Rf6 35. Rd4 Qf3 36. a3 Rf5 37. b4 Qc6 38. b5 Qf3 39. a4 Kg7 40. Rd3 Qe4 41. Qb2+ Kg8 42. Rd4 Qf3 43. Qd2 Kg7 44. Qc2 Kg8 45. Qb2 Kh7 46.
Qd2 Kg7 1/2-1/2

[Event "Early-Titled-Tuesday-Blitz-March-12-2024"]
[Site "Chess.com"]
[Date "2024.03.12"]
[Round "9"]
[White "Alexchess1984"]
[Black "Shuvalov"]
[Result "0-1"]
[WhiteElo "2735"]
[BlackElo "2559"]
[TimeControl "180+1"]
[EndTime "9:41:58 PDT"]
[Termination "Shuvalov won on time"]

1. e4 e6 2. d4 d5 3. e5 c5 4. c3 Nc6 5. Nf3 Qb6 6. Be2 Nh6 7. Bxh6 gxh6 8. Qd2 Bg7 9. O-O O-O 10.
Na3 cxd4 11. cxd4 Bd7 12. Nc2 h5 13. Rab1 f6 14. exf6 Rxf6 15. b4 Raf8 16. b5 Ne7 17. Ne5 Be8 18. Qg5 Qc7 19. Ne3 Nf5 20. Rfc1 Qd6 21.
Bxh5 Bxh5 22. Qxh5 Nxd4 23. Rf1 Rh6 24. Qd1 Qxe5 25. Ng4 Qg5 26. Nxh6+ Qxh6 27. Qd3 Be5 28. h3 Rf3 29. Qd1 Qg5 30. Rb4 Rf4 31. Qd3 Nf3+ 32. Kh1 Nh4 0-1

[Event "Early-Titled-Tuesday-Blitz-March-12-2024"]
[Site "Chess.com"]
[Date "2024.03.12"]
[Round "9"]
[White "Dyadya81"]
[Black "Polish_fighter3000"]
[Result "0-1"]
[WhiteElo "2922"]
[BlackElo "3120"]
[TimeControl "180+1"]
[EndTime "9:42:01 PDT"]
[Termination "Polish_fighter3000 won by resignation"]

1. e4 d6 2. d4 Nf6 3. Nc3 g6 4.
f4 Bg7 5. Nf3 c5 6. dxc5 Qa5 7.
Bd3 Qxc5 8. Qe2 Bg4 9. Be3 Qa5 10.
O-O Nc6 11. a3 O-O 12. h3 Bxf3 13. Rxf3 Nd7 14. Qf2 Bxc3 15. bxc3 Qxc3 16. Rb1 Rab8 17. e5 dxe5 18. f5 Nd4 19. Rg3 Qc6 20. Bh6 Nc5 21. Bxf8 Rxf8 22. Rf1 Nxd3 23. cxd3 Kg7 24. h4 Qf6 25.
Rh3 gxf5 26. Qe3 Rc8 27. Re1 Rc5 28. h5 h6 29. Qf2 f4 30. Rh4 Qg5 31. Rh3 Rc2 32.
Qf1 f3 33. Rxf3 Rxg2+ 34. Kh1 Nxf3 35. Qxf3 Rg3 0-1

[Event "Early-Titled-Tuesday-Blitz-March-12-2024"]
[Site "Chess.com"]
[Date "2024.03.12"]
[Round "9"]
[White "Semen_Khanin"]
[Black "Hanging_pointer"]
[Result "0-1"]
[WhiteElo "2886"]
[BlackElo "2733"]
[TimeControl "180+1"]
[EndTime "9:42:01 PDT"]
[Termination "Hanging_pointer won by resignation"]

1. e4 c6 2. d4 d5 3. Nd2 dxe4 4. Nxe4 Nf6 5. Nxf6+ gxf6 6. Nf3 Bg4 7. Be2 e6 8. O-O Bg7 9. c3 O-O 10. Nh4 Bxe2 11.
Qxe2 Nd7 12. Nf3 Qa5 13. a4 Qh5 14. h3 a5 15. Re1 Rfe8 16. Bf4 f5 17. Nd2 Qxe2 18.
Rxe2 Nb6 19. Be5 Bxe5 20. Rxe5 Red8 21. g4 fxg4 22. hxg4 Rd5 23. f4 h6 24. Kf2 Kg7 25. b3 Rxe5 26. fxe5 Rd8 27. Ne4 Nd5 28. Ke2 f6 29.
exf6+ Nxf6 30. Nxf6 Kxf6 31. Rh1 Kg6 32. Rh5 Rd5 33.
Rh1 h5 34. Rxh5 Rxh5 35. gxh5+ Kxh5 36. Kf3 Kg5 37. Ke4 Kf6 38. b4 b6 39. bxa5 bxa5 40. Kf4 Kf7 41. Ke5 Ke7 42. c4 Kd7 43. Kf6 Kd6 44.
c5+ Kd5 45. Ke7 e5 46. dxe5 Kxe5 0-1

[Event "Early-Titled-Tuesday-Blitz-March-12-2024"]
[Site "Chess.com"]
[Date "2024.03.12"]
[Round "9"]
[White "jk13"]
[Black "Peng_Li-Min"]
[Result "0-1"]
[WhiteElo "2677"]
[BlackElo "2813"]
[TimeControl "180+1"]
[EndTime "9:42:01 PDT"]
[Termination "Peng_Li-Min won by resignation"]

1. e4 Nc6 2. Nf3 d5 3. exd5 Qxd5 4. Nc3 Qh5 5. Be2 Bg4 6. d3 e5 7. Be3 f5 8. h3 O-O-O 9. Ng5 Bxe2 10. Qxe2 Qg6 11.
Nf3 Nd4 12. Bxd4 exd4 13. Nb1 Re8 14. Ne5 Qxg2 15. Rf1 f4 16. Nd2 Bd6 17. Ndc4 Bxe5 18. Nxe5 Qg5 19. O-O-O f3+ 20. Qd2 Qxd2+ 21. Kxd2 Rxe5 22.
Rg1 Re2+ 23. Kc1 g6 24. Rg4 Nh6 25. Rxd4 Nf5 26. Rf4 Rxf2 27. b4 Re8 28. Kb2 Ree2 29. Rc1 Ne3 30. Kb3 Nf5 31. a3 c6 32. a4 Kc7 33. b5 c5 34. c3 Rb2+ 35. Kc4 Kd6 36. Re1 Rfe2 37. Rxe2 fxe2 38. Re4 Ng3 39. Re3 Rb1 0-1

[Event "Early-Titled-Tuesday-Blitz-March-12-2024"]
[Site "Chess.com"]
[Date "2024.03.12"]
[Round "9"]
[White "jaskol95"]
[Black "Chessdude1987"]
[Result "0-1"]
[WhiteElo "2548"]
[BlackElo "2421"]
[TimeControl "180+1"]
[EndTime "9:42:02 PDT"]
[Termination "Chessdude1987 won by checkmate"]

1. d4 e6 2. c4 f5 3. g3 Nf6 4. Bg2 Bb4+ 5. Bd2 Qe7 6. Nc3 O-O 7. Nf3 d6 8. Qb3 Bxc3 9. Bxc3 Ne4 10. Nd2 Nxc3 11.
Qxc3 e5 12. dxe5 dxe5 13. O-O-O a5 14. e4 f4 15. Nf3 Nc6 16. Rd2 Bg4 17. Nh4 Nd4 18.
f3 Be6 19. g4 Qxh4 20. Qa3 Qf6 21. Qc5 b6 22. Qxc7 Rfc8 23. Qxb6 Rxc4+ 24. Kb1 Rb4 25. Qc5 Qf7 26. Qxe5 Bxa2+ 27. Kc1 Nb3+ 28. Kd1 Nxd2 29. Kxd2 Rd8+ 30. Ke1 Qd7 31. Qxf4 Rxb2 32. Qc1 Rb1 33. Kf2 Rxc1 34. Rxc1 Qd2+ 35. Kg3 Qxc1 36. h4 Rd2 37. h5 Rxg2+ 38. Kxg2 Qf4 39. h6 gxh6 40. g5 hxg5 41.
e5 Bd5 42. e6 Qxf3+ 43. Kh2 Kg7 44. e7 Kh6 45. e8=Q Qg2# 0-1

[Event "Early-Titled-Tuesday-Blitz-March-12-2024"]
[Site "Chess.com"]
[Date "2024.03.12"]
[Round "9"]
[White "DIMONBANAN"]
[Black "Goryachkina"]
[Result "0-1"]
[WhiteElo "2527"]
[BlackElo "2679"]
[TimeControl "180+1"]
[EndTime "9:42:04 PDT"]
[Termination "Goryachkina won on time"]

1. e4 c6 2. d4 d5 3. exd5 cxd5 4. Bd3 Nc6 5. c3 Nf6 6. Bf4 g6 7. h3 Bf5 8. Be2 e6 9. Nf3 h5 10. O-O Bd6 11. Bg5 Be7 12. Nbd2 Ne4 13. Bxe7 Qxe7 14.
Nxe4 Bxe4 15. Nd2 Bf5 16. Re1 h4 17. Bf3 Rd8 18. Nf1 O-O 19. Qd2 Kg7 20. Nh2 Qf6 21.
Ng4 Bxg4 22. Bxg4 e5 23. dxe5 Nxe5 24. Qd4 Nxg4 25. Qxg4 d4 26. cxd4 Rxd4 27. Qe2 Rfd8 28. b3 Rd2 29. Qe3 a6 30. Rac1 Rxa2 31. Rc4 Ra1 32.
Rxa1 Qxa1+ 33. Kh2 Qf6 34. Qf4 Qxf4+ 35. Rxf4 Rd3 36. Rb4 b5 37. Kg1 Rd1+ 38. Kh2 Rb1 39. g3 Rb2 40. Kg2 hxg3 41. Kxg3 Rc2 42. Kf3 Rc3+ 43.
Kg4 f5+ 0-1

[Event "Early-Titled-Tuesday-Blitz-March-12-2024"]
[Site "Chess.com"]
[Date "2024.03.12"]
[Round "9"]
[White "Gabcur"]
[Black "KSho99"]
[Result "0-1"]
[WhiteElo "2288"]
[BlackElo "2146"]
[TimeControl "180+1"]
[EndTime "9:42:04 PDT"]
[Termination "KSho99 won by resignation"]

1. d4 e6 2. Nc3 d5 3. Bf4 Nf6 4. e3 Bd6 5. Nf3 O-O 6. Bd3 b6 7.
O-O Ba6 8. Bxa6 Nxa6 9. Bxd6 Qxd6 10. Qe2 Nb4 11. a3 Nc6 12. Rad1 Rfd8 13. Nb5 Qd7 14.
c4 dxc4 15. Qxc4 Na5 16. Qe2 a6 17. Nc3 Qe7 18. Ne5 Qe8 19. Qf3 Nd5 20. Ne4 f6 21. Nd3 Rac8 22. h4 Nc4 23. Rc1 Nd6 24.
Ng3 c6 25. e4 Ne7 26. Rfd1 Nb5 27. Qe3 Nxd4 28. h5 e5 29. f4 c5 30. fxe5 Nec6 31. exf6 gxf6 32. Qf3 Nxf3+ 0-1

[Event "Early-Titled-Tuesday-Blitz-March-12-2024"]
[Site "Chess.com"]
[Date "2024.03.12"]
[Round "9"]
[White "emeli_chess"]
[Black "AlessiaSanteramo"]
[Result "0-1"]
[WhiteElo "2371"]
[BlackElo "2266"]
[TimeControl "180+1"]
[EndTime "9:42:05 PDT"]
[Termination "AlessiaSanteramo won by resignation"]

1. d4 Nf6 2. c4 e6 3. Nc3 Bb4 4. Qc2 O-O 5. e4 d5 6. e5 Ne4 7. Bd3 c5 8. Nf3 Nc6 9. O-O cxd4 10. Nxe4 dxe4 11. Bxe4 h6 12. Bf4 Bc5 13. a3 a5 14.
Rad1 Qb6 15. Qe2 Bd7 16. Bb1 Ne7 17. Qe4 Ng6 18. Nh4 Bc6 19. Qd3 Qxb2 20. Nxg6 fxg6 21.
Bxh6 Rf5 22. Bc1 Qb6 23. Bc2 Raf8 24. Qg3 d3 25. Qxd3 Rxf2 26. Rxf2 Rxf2 27. Qd8+ Rf8+ 28. Kh1 Rxd8 29. Rf1 Rf8 30. Re1 Qc7 31. h3 Qf7 32.
Rd1 Qf2 0-1

[Event "Early-Titled-Tuesday-Blitz-March-12-2024"]
[Site "Chess.com"]
[Date "2024.03.12"]
[Round "9"]
[White "Maxfan2008"]
[Black "Danny_Billiards"]
[Result "0-1"]
[WhiteElo "2619"]
[BlackElo "2799"]
[TimeControl "180+1"]
[EndTime "9:42:11 PDT"]
[Termination "Danny_Billiards won on time"]

1. d4 Nf6 2. c4 g6 3. Nf3 Bg7 4. g3 O-O 5. Bg2 d6 6. O-O Nbd7 7. Nc3 e5 8. e4 exd4 9. Nxd4 Nc5 10. h3 Re8 11. Qc2 Nfxe4 12. Nxe4 Nxe4 13. Rd1 Nc5 14. b4 Ne6 15. Bb2 Nxd4 16. Bxd4 Bxd4 17. Rxd4 Qf6 18. Rad1 Rb8 19. c5 Bf5 20. Qc4 dxc5 21. Qxc5 Qb6 22.
g4 Be6 23. a4 Bb3 24. Rc1 Bxa4 25. Qxb6 cxb6 26. Rc7 Rec8 27. Rxb7 Rxb7 28. Bxb7 Rc3 29. Rd8+ Kg7 30. Ra8 Rc7 31. Bd5 Kf6 32. f4 Ke7 33. Kf2 Kd6 34. Rd8+ Bd7 35. Be4 a5 36. bxa5 bxa5 37. Ra8 a4 38. Ke3 Kc5 39. Kd3 Kb4 40. Rb8+ Bb5+ 41. Kd4 a3 42. Bd5 Rd7 0-1

[Event "Early-Titled-Tuesday-Blitz-March-12-2024"]
[Site "Chess.com"]
[Date "2024.03.12"]
[Round "9"]
[White "FlemingA"]
[Black "WilsonPalencia21"]
[Result "0-1"]
[WhiteElo "2424"]
[BlackElo "2567"]
[TimeControl "180+1"]
[EndTime "9:42:12 PDT"]
[Termination "WilsonPalencia21 won by resignation"]

1. Nf3 c5 2. g3 g6 3. Bg2 Bg7 4. O-O Nc6 5. d3 e5 6. e4 Nge7 7. Nc3 O-O 8. Nd5 d6 9. c3 h6 10.
Re1 Be6 11. Nxe7+ Qxe7 12. Be3 f5 13. Qd2 f4 14. gxf4 Bg4 15. h3 Bxf3 16. Bxf3 exf4 17.
Bxf4 Qf6 18. Bxh6 Qxf3 19. Bxg7 Kxg7 20. Re3 Qf4 21. Qe2 Ne5 22. Rg3 Nf3+ 23. Kh1 Nh4 24. Kg1 Rf6 25. Rg4 Qf3 26. Qxf3 Nxf3+ 27. Kg2 Ne5 28. Rg3 Raf8 29. Rf1 Rf3 30. d4 Rxg3+ 31. Kxg3 cxd4 32. cxd4 Nc6 33. Rd1 g5 34. a3 Rf4 35.
f3 Kf6 36. Rd2 d5 37. exd5 Rxd4 38. Rxd4 Nxd4 39. Kg4 Nf5 40. f4 Ne3+ 41. Kf3 Nxd5 42. fxg5+ Kxg5 43. Ke4 Nb6 44. Kd4 Kf6 45. b3 Ke6 46.
Kc5 Nd7+ 47. Kd4 Ne5 48. Ke4 Ng6 49. Kf3 Kf5 50. Kg3 Kg5 51. Kh2 Kf4 52. Kg2 Nh4+ 53.
Kh2 Kf3 54. Kh1 Kg3 0-1

[Event "Early-Titled-Tuesday-Blitz-March-12-2024"]
[Site "Chess.com"]
[Date "2024.03.12"]
[Round "9"]
[White "dropstoneDP"]
[Black "Zohid6"]
[Result "1-0"]
[WhiteElo "2999"]
[BlackElo "2898"]
[TimeControl "180+1"]
[EndTime "9:42:16 PDT"]
[Termination "dropstoneDP won by resignation"]

1. e4 e5 2. Nf3 Nf6 3. Nxe5 d6 4.
Nf3 Nxe4 5. d4 d5 6. Bd3 Bd6 7. O-O O-O 8. c4 c6 9. Re1 Bf5 10. cxd5 cxd5 11. Nc3 Nxc3 12. bxc3 Bxd3 13. Qxd3 Qd7 14.
Ng5 g6 15. Rb1 b6 16. Qh3 Qxh3 17. Nxh3 Nd7 18. Rb5 Rfe8 19. Rxe8+ Rxe8 20. Kf1 Nf6 21. g3 Bc7 22. Bf4 a6 23. Rb4 Rc8 24. Bxc7 Rxc7 25. Rxb6 Ne4 26. Rxa6 Rxc3 27. Ra5 g5 28. Rxd5 g4 29. Ng5 Nf6 30. Re5 Rc1+ 31. Kg2 h6 32.
Ne4 Nd7 33. Rd5 Nb6 34. Rc5 Rd1 35. Nf6+ Kg7 36. Nxg4 Rxd4 37. Ne3 Rd2 38. Rc6 Nd7 39. Nf5+ Kh7 40. Rxh6+ Kg8 41. Rd6 1-0

[Event "Early-Titled-Tuesday-Blitz-March-12-2024"]
[Site "Chess.com"]
[Date "2024.03.12"]
[Round "9"]
[White "rikchessmx"]
[Black "Rainbow2014"]
[Result "0-1"]
[WhiteElo "2301"]
[BlackElo "2427"]
[TimeControl "180+1"]
[EndTime "9:42:18 PDT"]
[Termination "Rainbow2014 won by checkmate"]

1. e4 c5 2. Nf3 d6 3. d4 cxd4 4. Nxd4 Nf6 5. Nc3 a6 6. f4 e5 7. Nf3 Nbd7 8. Bd3 Be7 9. O-O O-O 10. Kh1 b5 11. a3 Bb7 12. Qe1 Re8 13. fxe5 dxe5 14.
Bg5 h6 15. Bh4 Nh5 16. Bxe7 Qxe7 17. Nh4 Nf4 18. Nf5 Qg5 19. g3 Nxd3 20. cxd3 Nf6 21.
Qe3 Qxe3 22. Nxe3 Red8 23. Rxf6 gxf6 24. Ned5 Bxd5 25. Nxd5 Kg7 26. Rf1 Rd6 27. Kg2 Rc8 28.
Rf2 Rc5 29. Ne7 Rxd3 30. Nf5+ Kh7 31. Ne7 Rd6 32. Nf5 Rdc6 33. Kh3 Rc2 34. Rf1 Rxb2 35.
Nh4 h5 36. Rf5 Kh6 37. Rf1 a5 38. Nf5+ Kh7 39. Ne7 Re6 40. Nd5 Rb3 41. Nxf6+ Kg6 42. Nd5 Rxa3 43. Rb1 b4 44. Kh4 Rd3 45. h3 Rd4 46.
Re1 a4 47. g4 hxg4 48. hxg4 b3 49. Kg3 b2 50. Rb1 a3 51. Nb4 Rxe4 52. Na2 Rc4 53. Kf3 Rb6 54. Ke3 Rb3+ 55. Kd2 Rd4+ 56. Kc2 Rdd3 57. Re1 f5 58. gxf5+ Kxf5 59. Rf1+ Ke6 60.
Rb1 e4 61. Re1 b1=Q+ 62. Rxb1 Rxb1 63. Kxb1 Ke5 64. Kc2 Kf4 65. Nc1 Rh3 66. Nb3 Rxb3 67. Kxb3 e3 68. Kxa3 e2 69. Kb4 e1=Q+ 70. Kc4 Qd1 71. Kc5 Ke5 72. Kc4 Qd4+ 73. Kb3 Qc5 74. Kb2 Kd4 75. Kb3 Kd3 76. Kb2 Qc2+ 77. Ka3 Qb1 78.
Ka4 Kc4 79. Ka5 Qb5# 0-1

[Event "Early-Titled-Tuesday-Blitz-March-12-2024"]
[Site "Chess.com"]
[Date "2024.03.12"]
[Round "9"]
[White "Statham_01"]
[Black "AsaHoffmann"]
[Result "1-0"]
[WhiteElo "2592"]
[BlackElo "2383"]
[TimeControl "180+1"]
[EndTime "9:42:22 PDT"]
[Termination "Statham_01 won by checkmate"]

1. Nc3 d6 2. e4 c6 3. d4 Nf6 4.
f4 Qa5 5. e5 Ne4 6. Qf3 d5 7.
Bd3 f5 8. exf6 Nxf6 9. Ne2 Bg4 10. Qe3 Bxe2 11. Qxe2 Qb6 12. Qe3 Nbd7 13. Bd2 O-O-O 14.
Na4 Qc7 15. O-O Re8 16. f5 Qd6 17. a3 g6 18. h3 gxf5 19. Bb4 Qc7 20. Bxf5 Rg8 21.
Nc5 e5 22. Ne6 Qb6 23. Nxf8 Rexf8 24. Bxf8 Rxf8 25. Bxd7+ Kxd7 26. Qxe5 c5 27. dxc5 Qxc5+ 28. Kh1 Qd6 29. Qf5+ Kc6 30. c4 d4 31. Rae1 Nd7 32.
Qe4+ Kc7 33. Rxf8 Qxf8 34. Qxd4 Qf5 35. Rd1 Nf6 36. Qd8+ Kc6 37. Qd6# 1-0

[Event "Early-Titled-Tuesday-Blitz-March-12-2024"]
[Site "Chess.com"]
[Date "2024.03.12"]
[Round "9"]
[White "martinmena"]
[Black "nelsi"]
[Result "0-1"]
[WhiteElo "2272"]
[BlackElo "2421"]
[TimeControl "180+1"]
[EndTime "9:42:24 PDT"]
[Termination "nelsi won by checkmate"]

1. c4 d5 2. cxd5 c6 3. dxc6 Nxc6 4. g3 e5 5. Bg2 Nf6 6. Nc3 Bc5 7. Nf3 Bxf2+ 8. Kxf2 Ng4+ 9. Kg1 Qb6+ 10. e3 Nb4 11. h3 Nd3 12. hxg4 Bxg4 13. Qa4+ Bd7 14. Qb3 Qg6 15. Ne2 O-O 16. Nh4 Qd6 17. Qd5 Qxd5 18.
Bxd5 Rac8 19. Be4 Nc5 20. Bxh7+ Kxh7 21. Nf5+ Kg6 22. Ne7+ Kf6 23. Nxc8 Rxc8 24. d4 Nd3 25. Nc3 b5 26. dxe5+ Kxe5 27. Rh5+ f5 28. a3 a5 29. Kf1 b4 30. Ne2 Rc2 31. g4 g6 32. gxf5 gxf5 33.
Rh7 Bc6 34. Re7+ Kf6 35. Ra7 Bf3 36. Nd4 Rf2+ 37. Kg1 Rg2+ 38. Kh1 Nf2# 0-1

[Event "Early-Titled-Tuesday-Blitz-March-12-2024"]
[Site "Chess.com"]
[Date "2024.03.12"]
[Round "9"]
[White "BilicVladimir"]
[Black "TanitoluwaAps116"]
[Result "0-1"]
[WhiteElo "2677"]
[BlackElo "2824"]
[TimeControl "180+1"]
[EndTime "9:42:25 PDT"]
[Termination "TanitoluwaAps116 won by checkmate"]

1. e4 c5 2. Nf3 e6 3. b3 Nc6 4. Bb2 d5 5. exd5 exd5 6. Bb5 Nf6 7. O-O Bd6 8. Re1+ Be6 9. Ne5 Rc8 10. Nxc6 bxc6 11. Bf1 O-O 12. Nc3 Bxh2+ 13. Kxh2 Ng4+ 14. Kg3 Qg5 15. f4 Qh6 16. Rxe6 Qh2+ 17. Kxg4 fxe6 18.
Ne2 Rf5 19. Ng3 h5+ 20. Nxh5 Rxh5 21. g3 Rf8 22. Kf3 e5 23. Bg2 exf4 24. Qg1 Qxg3+ 25. Ke2 f3+ 26. Kd1 fxg2 27. Be5 Rf1+ 28. Ke2 Qf3# 0-1

[Event "Early-Titled-Tuesday-Blitz-March-12-2024"]
[Site "Chess.com"]
[Date "2024.03.12"]
[Round "9"]
[White "JaackCamel"]
[Black "sorch29"]
[Result "0-1"]
[WhiteElo "2203"]
[BlackElo "2474"]
[TimeControl "180+1"]
[EndTime "9:42:25 PDT"]
[Termination "sorch29 won on time"]

1. d4 Nf6 2. c4 g6 3. Nc3 Bg7 4. e4 d6 5. Nf3 O-O 6. Be2 e5 7. Be3 Ng4 8. Bg5 f6 9. Bh4 h5 10. h3 Nh6 11. dxe5 dxe5 12. Qxd8 Rxd8 13. Nd5 Na6 14. Nxf6+ Bxf6 15. Bxf6 Re8 16. O-O-O Nf7 17. a3 Nc5 18. Nd2 Ne6 19. Nf3 Nc5 20. Bd3 a5 21. Bc2 a4 22. Rd2 c6 23. Rhd1 Be6 24. Nxe5 Nxe5 25. Bxe5 Bxc4 26. Bc3 Nxe4 27. Bxe4 Rxe4 28. Rd7 Bd5 29. Rg7+ Kf8 30. Rxg6 Rae8 31. Rd3 Rf4 32. f3 Re2 33. g3 Rf5 34. f4 Rf7 35. Kd1 Rh2 36.
Re3 Rd7 37. Ke1 Bb3 38. Bd2 Rdxd2 39. Rf6+ Kg7 0-1